 Dungeon Crawl Stone Soup version 0.30-a0-967-g9b59a09336 (webtiles) character file.

Game seed: 14399036244277182309

4946 629fm the Blocker (level 10, 0/65 (66) HPs)
             Began as a Gargoyle Fighter on July 20, 2022.
             Was a Follower of Makhleb.
             Killed from afar by Psyche (14 damage)
             ... with an iceblast
             ... on level 8 of the Dungeon on Mar 31, 2023.
             The game lasted 00:11:04 (8343 turns).

629fm the Blocker (Gargoyle Fighter)                Turns: 8343, Time: 00:11:04

HP:   0/65 (66)     AC:  0    Str: 25    XL:     10   Next: 52%
MP:   10/10         EV: 13    Int:  8    God:    Makhleb [*.....]
Gold: 315           SH:  0    Dex:  9    Spells: 9/9 levels left

rFire   . . .      SeeInvis .    D - melded +2 demon whip (drain)
rCold   . . .      Faith    .    c - melded +0 buckler
rNeg    + . .      Spirit   .    f - melded +0 chain mail
rPois   ∞          Reflect  .    B - melded +0 helmet
rElec   .          Rampage  .    (cloak currently unavailable)
rCorr   .                        (gloves currently unavailable)
Will    .....                    (boots currently unavailable)
Stlth   +                        (no amulet)
HPRegen 0.30/turn                h - melded +6 ring of strength
MPRegen 0.12/turn                l - melded ring of Xecarati {rC- rN+ Str+6 Int+3 Stlth-}

@: mighty, pig-form, lightly drained, very quick
A: fast, no casting, sickness immunity, AC +7, small, negative energy resistance
1, (electricity resistance), torment resistance 1, petrification resistance
a: Renounce Religion


You were on level 8 of the Dungeon.
You worshipped Makhleb.
Makhleb was aware of your devotion.
You were a filthy swine.
You visited 2 branches of the dungeon, and saw 9 of its levels.

You collected 315 gold pieces.

Inventory:

Hand Weapons
 a - a +0 flail of draining
 k - a +1 whip of electrocution
 s - a +0 vampiric whip
 C - a +1 morningstar
 D - a +2 demon whip of draining (melded)
 G - a +5 morningstar
Armour
 b - a +0 scale mail
 c - a +0 buckler (melded)
 f - a +0 chain mail (melded)
 B - a +0 helmet (melded)
Jewellery
 h - a +6 ring of strength (melded)
 l - the ring of Xecarati (melded) {rC- rN+ Str+6 Int+3 Stlth-}
   (You found it on level 2 of the Dungeon)

   [ring of positive energy]

   Str:       It affects your strength (+6).
   Int:       It affects your intelligence (+3).
   rC:        It makes you vulnerable to cold.
   rN:        It protects you from negative energy.
   Stlth:     It makes you less stealthy.
 p - a ring of willpower
 q - a ring of willpower
 w - the ring "Yzun" {rElec rCorr Str-3 Int+6 Stlth+}
   (You found it on level 5 of the Dungeon)

   [ring of intelligence]

   Str:       It affects your strength (-3).
   Int:       It affects your intelligence (+6).
   rElec:     It insulates you from electricity.
   rCorr:     It protects you from acid and corrosion.
   Stlth:     It makes you more stealthy.
 y - a ring of ice
 z - a ring of protection from fire
 E - a ring of protection from cold
Wands
 n - a wand of flame (10)
 u - a wand of polymorph (1)
 H - a wand of iceblast (8)
Scrolls
 g - 5 scrolls of teleportation
 x - a scroll of fear
 A - a scroll of poison
Potions
 d - a potion of haste
 e - 3 potions of flight
 i - a potion of attraction
 j - a potion of heal wounds
 m - a potion of mutation
 o - a potion of degeneration {unknown}
 r - 2 potions of lignification {unknown}
 t - 3 potions of curing {unknown}
 v - a potion of might
 F - a potion of cancellation {unknown}


   Skills:
 + Level 9.0 Fighting
 + Level 7.9 Maces & Flails
 + Level 9.0 Armour
 + Level 9.0 Shields


You had 9 spell levels left.
You didn't know any spells.
Your spell library contained the following spells:

 Spells                   Type           Power      Damage    Failure   Level
 Sting                    Tmut/Pois      0%         1d3       41%         1
 Poisonous Vapours        Pois/Air       0%         N/A       54%         2
 Wereblood                Tmut           0%         N/A       54%         2
 Olgreb's Toxic Radiance  Pois           0%         N/A       99%         4
 Iskenderun's Battlesphe  Conj           0%         2d6       100%        5
 Iron Shot                Conj/Erth      0%         9d1       100%        6
 Spellforged Servitor     Conj/Summ      0%         N/A       100%        7
 Summon Hydra             Summ           0%         N/A       100%        7
 Sublimation of Blood     Necr           Unusable   N/A       N/A         2

Dungeon Overview and Level Annotations

Branches:
Dungeon (8/15)             Temple (1/1) D:5
   Lair: D:8-11

Altars:
Ashenzari
Cheibriados
Dithmenos
Elyvilon
Fedhas
Gozag
Hepliaklqana
Kikubaaqudgha
Makhleb
Nemelex Xobeh
Okawaru
Qazlal
Ru
Sif Muna
Trog
Uskayaw
Vehumet
Wu Jian
Yredelemnul
Zin
The Shining One

Shops:
D:7 [

Annotations:
D:8 Psyche


Innate Abilities, Weirdness & Mutations

You are a filthy swine.
You move quickly.
Your equipment is almost entirely melded.
You are incapable of wielding weapons or throwing items.
You cannot cast spells.
You are immune to sickness and miasma.
((Your stone body is resilient. (AC +7)))
You are immune to poison.
You resist negative energy. (rN+)
((You are resistant to electric shocks. (rElec)))
You are resistant to unholy torment.
You are immune to petrification.


Message History

You miss something.
You hear some strange, mumbled words.
You turn into a filthy swine.
Your +2 demon whip of draining melds into your body.
Your +0 helmet melds into your body.
Your +0 buckler melds into your body.
Your +0 chain mail melds into your body.
Your +6 ring of strength melds into your body.
The ring of Xecarati {rC- rN+ Str+6 Int+3 Stlth-} melds into your body.
You feel weaker.
Unknown command.
You barely miss something. Something hits you.
Something tries to affect you, but you resist.
You hear some strange, mumbled words.
A swirling arc of seething chaos appears!
An arc of chaos appears from out of thin air!
The arc of chaos hits you!
You feel very mighty all of a sudden. The arc of chaos hits you.
You hit something.
You hear some strange, mumbled words.
A swirling arc of seething chaos appears!
An arc of chaos appears from out of thin air!
The arc of chaos hits you. x2
You hit something. Something hits you. Something freezes you.
You hear a zap.
An iceblast appears from out of thin air!
The mass of ice explodes!
The iceblast engulfs you!
You hear some strange, mumbled words.
A swirling arc of seething chaos appears!
An arc of chaos appears from out of thin air!
The arc of chaos hits you. You partially resist.
You feel drained.
You hear a zap.
An iceblast appears from out of thin air!
The mass of ice explodes!
The iceblast engulfs you!
* * * LOW HITPOINT WARNING * * *
There is an escape hatch in the ceiling here.
You hear a zap.
An iceblast appears from out of thin air!
The mass of ice explodes!
The iceblast engulfs you!
You die...

#....#...........+......#....
#....#[..........#..##+##....
#....#...........#+###..#....
#....#.........(.#......#....
#....#?..........#......#....
#....###+##......#......'....
#.........#......#..#####....
#.........#......#..##§.#....
#....##...#.h....#...§§§#....
#....####'#......'...§§§#....
#....#....'......#..§§§§#....
#....#....#......#§.§§§§#....
#....##...#......#.§§§§§#....
#....######.{....#+###§§#....
#.... #......#..##§§#....
#......#......#....
#......#....).#....


There were no monsters in sight!

Vanquished Creatures
  Pikel (D:3)
  Joseph (D:8)
  Prince Ribbit (D:5)
  Sigmund (D:5)
  A steam dragon (D:7)
  Eustachio (D:3)
  Grum (D:7)
  2 water moccasins
  Duvessa (D:4)
  3 black bears
  5 ice beasts
  2 ogres
  4 wolves (D:8)
  A centaur (D:8)
  2 phantoms (D:5)
  A bullfrog (D:7)
  3 scorpions
  12 wights
  Dowan (D:4)
  4 orc priests
  3 hounds
  2 jellies
  3 sleepcaps
  Jessica (D:3)
  Ijyb (D:4)
  An iguana (D:4)
  2 orc wizards
  Robin (D:4)
  2 gnolls (D:5)
  6 adders
  A shadow imp (D:7)
  2 worms
  3 dart slugs
  17 orcs
  3 bats
  7 endoplasms
  4 giant cockroaches
  15 goblins
  10 hobgoblins
  4 jackals (D:5)
  6 quokkas
  8 ball pythons
  4 frilled lizards
  8 kobolds
  6 rats
168 creatures vanquished.

Notes
Turn   | Place    | Note
-------+----------+-------------------------------------------
     0 | D:1      | 629fm the Gargoyle Fighter began the quest for the Orb.
     0 | D:1      | Reached XP level 1. HP: 14/14 MP: 1/1
   651 | D:1      | Reached XP level 2. HP: 18/19 MP: 2/2
   995 | D:1      | Found a faded altar of an unknown god.
  1091 | D:2      | Reached XP level 3. HP: 23/23 MP: 3/3
  1340 | D:2      | Identified the ring of Xecarati {rC- rN+ Str+6 Int+3
                  | Stlth-}
  1846 | D:3      | Noticed Jessica
  1976 | D:3      | Killed Jessica
  1977 | D:3      | Reached XP level 4. HP: 29/29 MP: 4/4
  2193 | D:3      | Reached XP level 5. HP: 19/33 MP: 5/5
  2881 | D:3      | Found a bloodstained altar of Trog.
  3098 | D:4      | Noticed Eustachio
  3132 | D:3      | Killed Eustachio
  3133 | D:3      | Reached XP level 6. HP: 11/39 MP: 6/6
  3134 | D:3      | Upgraded the game from 0.29-a0-878-g7b45a56547 to
                  | 0.30-a0-967-g9b59a09336
  3244 | D:4      | Noticed Pikel
  3313 | D:3      | Killed Pikel
  3314 | D:3      | Reached skill level 5 in Fighting
  3314 | D:3      | Reached skill level 5 in Armour
  3314 | D:3      | Reached skill level 5 in Shields
  3314 | D:3      | Reached XP level 7. HP: 29/44 MP: 7/7
  3403 | D:4      | Reached XP level 8. HP: 50/51 MP: 8/8
  3706 | D:4      | Reached skill level 5 in Maces & Flails
  3728 | D:4      | Noticed Robin
  3766 | D:4      | Killed Robin
  3860 | D:4      | Found a burning altar of Makhleb.
  3980 | D:4      | Noticed Duvessa
  3980 | D:4      | Noticed Dowan
  4246 | D:4      | Killed Duvessa
  4257 | D:4      | Killed Dowan
  4368 | D:4      | Noticed Ijyb
  4373 | D:4      | Killed Ijyb
  4453 | D:5      | Entered Level 5 of the Dungeon
  4454 | D:5      | Found a hide-covered altar of Uskayaw.
  4535 | D:5      | Identified the ring "Yzun" {rElec rCorr Str-3 Int+6 Stlth+}
  4552 | D:5      | Found a staircase to the Ecumenical Temple.
  4832 | Temple   | Entered the Ecumenical Temple
  5058 | D:4      | Became a worshipper of Makhleb the Destroyer
  5095 | D:5      | Noticed Prince Ribbit
  5116 | D:5      | Killed Prince Ribbit
  5117 | D:5      | Reached XP level 9. HP: 30/56 MP: 9/9
  5253 | D:5      | Noticed Sigmund
  5274 | D:5      | Killed Sigmund
  5694 | D:5      | Found an ornate altar of the Wu Jian Council.
  6317 | D:6      | Found an ancient bone altar of Kikubaaqudgha.
  6317 | D:6      | Found an iron altar of Okawaru.
  6910 | D:7      | Reached * piety under Makhleb
  7121 | D:6      | Reached XP level 10. HP: 63/64 MP: 10/10
  7272 | D:7      | Identified a scroll of acquirement
  7272 | D:7      | Acquired a +2 demon whip of draining
  7324 | D:7      | Found Seijit's Armour Shop.
  8138 | D:8      | Noticed Grum
  8152 | D:8      | Noticed Joseph
  8195 | D:7      | Killed Grum
  8256 | D:8      | Killed Joseph
  8319 | D:8      | Noticed Psyche
  8343 | D:8      | Killed from afar by Psyche

Illustrated notes

Levels and vault maps discovered:
D:1:      minmay_arrival_hallway, layout_basic,
          hellmonk_ecumenical_altar_inner_sanctum
D:2:      layout_loops_ring
D:3:      minmay_angry_zag, layout_loops_corners,
          mainiacjoe_overflow_tiny_flanked, minivault_14, uniq_jessica
D:4:      nicolae_cairo_tiling_very_big, layout_basic,
          mainiacjoe_overflow_small_starburst, uniq_pikel, uniq_ijyb,
          uniq_eustachio, uniq_duvessa, uniq_robin
D:5:      minmay_clustersquares, layout_basic, mainiacjoe_overflow_paths,
          nicolae_uskayaw_suspiria, minmay_temple_entry_offerings,
          uniq_prince_ribbit1, uniq_sigmund
D:6:      layout_cave_pools, gammafunk_temple_overflow_statue
D:7:      layout_loops_cross, serial_shops, kennysheep_mini_moat
D:8:      layout_gridville, lair_entry_dummy, hangedman_abyss_or_decor_stabs,
          uniq_grum, uniq_joseph, uniq_psyche
Temple:   nicolae_temple_superstar

Skill      XL: |  1  2  3  4  5  6  7  8  9 10 |
---------------+-------------------------------+-----
Armour         | 4 5 6 8 9 |  9.0
Shields        | 4 5 7 8 9 |  9.0
Fighting       | 4 5 6 8 9 |  9.0
Maces & Flails | 3 4 5 7 |  7.9

Action                     |  1- 3 |  4- 6 |  7- 9 | 10-12 || total
---------------------------+-------+-------+-------+-------++-------
  Melee: Flail             |   113 |    62 |       |       ||   175
         Whip              |       |   101 |   357 |    22 ||   480
         Demon whip        |       |       |       |    86 ||    86
         Unarmed           |       |       |       |     3 ||     3
    Use: Scroll            |     6 |     1 |     4 |     2 ||    13
         Potion            |       |     4 |       |       ||     4
 Armour: Scale mail        |    89 |    75 |    54 |       ||   218
         Chain mail        |       |       |   108 |    53 ||   161
  Dodge: Dodged            |    57 |    73 |   121 |    39 ||   290
  Block: Buckler           |    32 |    31 |    47 |    21 ||   131

Table legend: (Time is in decaauts)
 A = Elapsed time spent in this place.
 B = Non-inter-level travel time spent in this place.
 C = Inter-level travel time spent in this place.
 D = Time resting spent in this place.
 E = Time spent auto-exploring this place.
 F = Levels seen in this place.
 G = Mean time per level.
                   A        B        C        D        E       F      G
               +--------+--------+--------+--------+--------+-----+--------+
         Total |   8315 |   7899 |    416 |    786 |   5323 |   9 |  923.9 |
       Dungeon |   8192 |   7808 |    384 |    786 |   5244 |   8 | 1024.0 |
        Temple |    122 |     91 |     31 |      0 |     79 |   1 |  122.0 |
               +--------+--------+--------+--------+--------+-----+--------+

Top non-repeatable levels by time:
     D:3: 1415 daAuts
     D:5: 1338 daAuts
     D:7: 1304 daAuts
     D:4: 1155 daAuts
     D:1: 1071 daAuts
     D:2: 917 daAuts
     D:6: 510 daAuts
     D:8: 480 daAuts
  Temple: 122 daAuts
